 Dungeon Crawl Stone Soup version 0.29.0-13-gc9e81de378 (webtiles) character file.

Game seed: 18352818838870221532

59 Strat the Magician (level 3, -1/22 HPs)
             Began as a Deep Elf Abyssal Knight on Sept 9, 2022.
             Was a Priest of Lugonu.
             Killed from afar by an orc wizard (9 damage)
             ... with a puff of flame
             ... on level 3 of the Dungeon.
             The game lasted 00:06:35 (4209 turns).

Strat the Magician (Deep Elf Abyssal Knight)        Turns: 4209, Time: 00:06:36

Health: -1/22      AC:  3    Str: 10    XL:     3   Next: 78%
Magic:  7/9        EV: 12    Int: 16    God:    Lugonu [***...]
Gold:   97         SH:  0    Dex: 15    Spells: 7/8 levels left

rFire   . . .      SeeInvis .   a - +1 short sword
rCold   . . .      Faith    .   (no shield)
rNeg    + . .      Spirit   .   b - +0 leather armour
rPois   .          Reflect  .   (no helmet)
rElec   .          Harm     .   (no cloak)
rCorr   .          Rampage  .   (no gloves)
Will    .....                   (no boots)
Stlth   +.........              (no amulet)
HPRegen 0.07/turn               u - ring of positive energy
MPRegen 0.11/turn               (no ring)

@: no status effects
A: no striking features
a: Renounce Religion, Depart the Abyss, Bend Space, Banish


You were on level 3 of the Dungeon.
You worshipped Lugonu.
Lugonu was most pleased with you.
You visited 1 branch of the dungeon, and saw 3 of its levels.
You visited the Abyss 1 time.

You collected 97 gold pieces.

Inventory:

Hand Weapons
 a - a +1 short sword (weapon)
 d - a +0 rapier
Missiles
 c - 21 stones
 i - 3 javelins
 x - 4 poisoned darts
Armour
 b - a +0 leather armour (worn)
 w - the -2 hat of the Alchemist {rElec rPois rF+ rC+ rN+ Will+ rMut rCorr}
   (You found it on level 3 of the Dungeon)

   rF:        It protects you from fire.
   rC:        It protects you from cold.
   rElec:     It insulates you from electricity.
   rPois:     It protects you from poison.
   rN:        It protects you from negative energy.
   rCorr:     It protects you from acid and corrosion.
   rMut:      It protects you from mutation.
   Will:      It increases your willpower.
Jewellery
 u - a ring of positive energy (left hand)
Wands
 t - a wand of paralysis (8)
Scrolls
 f - 3 scrolls of poison
 g - a scroll of fog
 h - 2 scrolls of identify
 k - 3 scrolls of enchant weapon {unknown}
 m - a scroll of vulnerability {unknown}
 n - a scroll of amnesia {unknown}
 q - a scroll of teleportation {unknown}
 v - a scroll of blinking {unknown}
Potions
 l - a potion of lignification
 o - a potion of berserk rage {unknown}
 p - a potion of magic {unknown}
 r - a potion of degeneration {unknown}
 s - a potion of ambrosia {unknown}


   Skills:
 - Level 2.4 Fighting
 - Level 2.2 Short Blades
 - Level 0.7 Armour
 - Level 2.4 Dodging
 - Level 0.5 Stealth
 + Level 3.4 Spellcasting
 - Level 2.0 Earth Magic
 - Level 2.0 Invocations


You had 7 spell levels left.
You knew the following spells:

 Your Spells              Type           Power      Damage    Failure   Level
a - Sandblast             Erth           18%        2d7       11%         1

Your spell library contained the following spells:

 Spells                   Type           Power      Damage    Failure   Level
 Passwall                 Tmut/Erth      4%         N/A       24%         2
 Ensorcelled Hibernation  Hex/Ice        4%         N/A       36%         2
 Static Discharge         Conj/Air       2%         3-4/arc   36%         2
 Stone Arrow              Conj/Erth      10%        3d7       43%         3
 Swiftness                Air            2%         N/A       58%         3
 Lightning Bolt           Conj/Air       1%         1d12      100%        5
 Maxwell's Capacitive Co  Air            1%         ∞         100%        8


Dungeon Overview and Level Annotations

Branches:
Dungeon (3/15)

Altars:
Wu Jian


Message History

The orc wizard misses you.
The orc wizard attacks as you move away!
The orc wizard barely misses you.
Magic scrolls do not work when you're silenced!
The orc wizard attacks as you move away!
The orc wizard hits you with a +0 dagger.
* * * LOW HITPOINT WARNING * * *
You hit the orc wizard but do no damage.
The orc wizard is moderately wounded.
The orc wizard barely misses you.
You barely miss the orc wizard.
The orc wizard is lightly wounded.
The orc wizard completely misses you.
You hit the orc wizard.
The orc wizard is heavily wounded.
The orc wizard hits you with a +0 dagger.
* * * LOW HITPOINT WARNING * * *
You feel better. The orc wizard barely misses you.
You closely miss the orc wizard.
The orc wizard is heavily wounded.
The orc wizard barely misses you.
You closely miss the orc wizard.
The orc wizard is heavily wounded.
The orc wizard closely misses you.
You closely miss the orc wizard.
The orc wizard is heavily wounded.
The orc wizard barely misses you.
You closely miss the orc wizard.
The orc wizard is heavily wounded.
The orc wizard hits you with a +0 dagger.
* * * LOW HITPOINT WARNING * * *
The orc wizard attacks as you move away!
The orc wizard barely misses you.
The orc wizard attacks as you move away!
The orc wizard hits you with a +0 dagger.
* * * LOW HITPOINT WARNING * * *
Your hearing returns.
The orc wizard gestures at you while chanting.
The puff of flame hits you!
You die...

# #..# #≈≈≈.~≈~.~...# #.# #
#..### #≈≈≈≈~..###.# #.# # #....#
#####...# #.# #.#
####.###########.#.###.######.###
.....# #................)......
.#########.#####S###..###.#######
....!.o..§.# #o###..##...#
.#######.### #...........# .
#...# #@###.###...# . #..#.. #.#
#.# ########## # ...###.# #.# #.#
#....... .#.....#..# ##.###.#
#.###### ..###...######...##.#
#.# . . .o.......#....#####.#
......####...#####....# ##.##
#.#### #.######.#


You could see an orc wizard and an adder.

Vanquished Creatures
  An adder (D:3)
  A worm (D:2)
  A dart slug (D:1)
  An orc (D:3)
  3 bats
  3 endoplasms (D:1)
  3 goblins (D:2)
  6 hobgoblins
  3 jackals (D:1)
  5 kobolds
  3 quokkas
  4 ball pythons
  4 frilled lizards
  2 rats
40 creatures vanquished.

Vanquished Creatures (others)
  A plant (D:3)
1 creature vanquished.

Grand Total: 41 creatures vanquished

Notes
Turn   | Place    | Note
-------+----------+-------------------------------------------
     0 | Abyss:1  | Strat the Deep Elf Abyssal Knight began the quest for the
                  | Orb.
     0 | Abyss:1  | Reached XP level 1. HP: 13/13 MP: 4/4
     1 | D:1      | Escaped the Abyss
   488 | D:1      | Reached skill level 1 in Spellcasting
   597 | D:1      | Reached XP level 2. HP: 16/18 MP: 4/6
   626 | D:1      | Learned a level 1 spell: Sandblast
   867 | D:1      | Reached skill level 2 in Spellcasting
  1581 | D:1      | Reached skill level 1 in Earth Magic
  1697 | D:2      | Found a faded altar of an unknown god.
  2171 | D:2      | Reached XP level 3. HP: 22/22 MP: 6/8
  3108 | D:3      | Reached skill level 3 in Spellcasting
  3502 | D:3      | Found the -2 hat of the Alchemist {rElec rPois rF+ rC+ rN+
                  | Will+ rMut rCorr}
  3635 | D:3      | Reached *** piety under Lugonu
  3751 | D:3      | Found an ornate altar of the Wu Jian Council.
  4209 | D:3      | Killed from afar by an orc wizard

Illustrated notes

Levels and vault maps discovered:
D:1:      heliophobic_arrival_ceremonial_halls, layout_basic
D:2:      layout_loops_corners, basic_ecumenical_altar
D:3:      layout_loops_ring, pdpol_wu_jian_five_deadly_venoms,
          nicolae_concentric_dashed_squares_wild, minmay_strange_pillars,
          chequers_serial_rivers_large_a, serial_bayou_pond_d, hex_tiny

Skill      XL: |  1  2  3 |
---------------+----------+-----
Spellcasting   | 1 2 3 |  3.4
Earth Magic    | 1 2 |  2.0
Fighting       | |  2.4
Short Blades   | |  2.2
Armour         | |  0.7
Dodging        | |  2.4
Stealth        | |  0.5
Invocations    | |  2.0

Action                   || total
-------------------------++-------
Melee: Short sword       ||   114
 Cast: Sandblast         ||    38
  Use: Scroll            ||     5
       Potion            ||     3
 Stab: Sleeping          ||     4
Armor: Leather armour    ||    33
Dodge: Dodged            ||    91
